[Event "ChessKid Cup Div-I 2023"]
[Site "Online"]
[Date "2023.05.23"]
[Round "51.1"]
[White "Moussard, Jules"]
[Black "Shimanov, Aleksandr"]
[Result "1-0"]
[ECO "C02"]
[WhiteElo "2644"]
[BlackElo "2581"]
[Annotator "TA"]
[PlyCount "87"]
[EventDate "2023.05.21"]
[EventType "k.o."]
[EventCountry "NET"]
[SourceTitle "playchess.com"]
[Source "ChessBase"]
[SourceQuality "1"]
[TimeControl "900+3"]

1. e4 e6 2. d4 d5 3. e5 c5 4. c3 Nc6 5. Nf3 Nge7 6. Be2 Nf5 7. dxc5 Bxc5 8. O-O {[%emt 0:00:01] C02: French: Advance Variation.} Nh4 9. Bf4 Nxf3+ 10. Bxf3 {[%emt 0:00:02][%cal Oc3c4] The position is equal.} O-O {[%emt 0:00:00] [#]} 11. Bg3 $146 ({Predecessor:} 11. b4 Bb6 12. Bg3 a5 13. b5 Ne7 14. a4 Nf5 15. Ra2 Nxg3 16. hxg3 Qg5 17. Re2 {0-1 Kosanski,S (2390)-Savchenko,S (2480) Belgrade GMA op 1988}) 11... b5 12. Nd2 Bd7 13. Be2 Rb8 14. Bd3 b4 15. Nb3 (15. c4 $5) 15... Be7 16. c4 dxc4 $1 17. Bxc4 a5 18. Bd3 (18. Qg4 {with more complications.} Qb6 19. Rfd1 Rbd8 20. Bf4) 18... Qb6 19. Qe2 Rfd8 ({Much worse is} 19... g6 20. Rac1 $11) 20. Rfd1 Be8 21. Nd2 Nd4 $1 22. Qg4 (22. Qe4 $11 Nf5 23. Nc4) 22... Bb5 $17 23. Nc4 Bxc4 24. Bxc4 Nf5 25. Bd3 Rd4 26. Qe2 Nxg3 27. hxg3 {[%emt 0:00:01] White is weak on the dark squares} Rbd8 28. Bc2 Bc5 29. Rxd4 Bxd4 30. Rd1 Bxb2 31. Kh2 Bd4 {[%emt 0:00:22] Dodges Qe3} (31... g6 $17 32. Rxd8+ Qxd8 33. Bxg6 Qd4) 32. f4 (32. Qe4 $11) 32... g6 33. g4 Rc8 34. Rd3 (34. Bb3 $17 {was necessary.}) 34... Qc5 (34... Be3 $19 {is more deadly.} 35. g3 (35. Rxe3 $2 {is the wrong capture.} Rxc2 {[%mdl 64] Deflection} 36. Qxc2 Qxe3 $19) 35... Bg1+ 36. Kh1 Qc6+ 37. Kxg1 Qxc2 38. Qxc2 Rxc2) 35. Bb3 Rd8 36. Kh3 Qc6 37. Qf3 Qc1 {[%emt 0:00:23] ...Qh1+ would be deadly.} 38. g3 Qc5 39. Qe4 Qb6 40. f5 $1 exf5 41. gxf5 gxf5 42. Qxf5 {[%emt 0:00:11][%cal Od3d4] Rxd4! would kill now.} Qg6 $4 {[%emt 0:00:06][%mdl 8192] [#]} (42... Qh6+ $11 43. Kg2 Qc6+ 44. Rf3 Qh6) 43. Bxf7+ $1 {[%emt 0:00:08][%mdl 576] Deflection} Qxf7 44. Qg5+ {[%emt 0:00:00] What a bad dream for Black.   Weighted Error Value: White=0.18 (very precise) /Black=0.32} 1-0

[Event "ChessKid Cup Div-I 2023"]
[Site "Online"]
[Date "2023.05.23"]
[Round "51.2"]
[White "Firouzja, Alireza"]
[Black "Nakamura, Hikaru"]
[Result "1-0"]
[ECO "C54"]
[WhiteElo "2785"]
[BlackElo "2775"]
[Annotator "TA"]
[PlyCount "117"]
[EventDate "2023.05.21"]
[EventType "k.o."]
[EventCountry "NET"]
[SourceTitle "playchess.com"]
[Source "ChessBase"]
[SourceQuality "1"]
[TimeControl "900+3"]

1. e4 e5 2. Nf3 Nc6 3. Bc4 Nf6 4. d3 Bc5 5. c3 d6 6. Nbd2 a6 7. Bb3 O-O 8. h3 Be6 9. Bc2 {[%emt 0:01:02] C54: Giuoco Piano: 4 c3 Nf6, main lines with 5 d4 and 5 d3.} d5 10. Ng5 $5 {[%emt 0:01:52][%mdl 4] An interesting side line.} Bc8 (10... Nxe4 {is interesting.} 11. Ndxe4 dxe4 12. Qh5 h6) 11. exd5 {[%emt 0:01:30] The position is equal.} Qxd5 {[%emt 0:00:00] [#]} 12. Nde4 $146 ({Predecessor:} 12. O-O Bf5 13. Nde4 Be7 14. Qf3 Qd7 15. b4 Rad8 16. Rd1 Nd5 17. d4 Bg6 18. dxe5 Nxe5 {0-1 So,W (2770)-Carlsen,M (2847) Carlsen Inv KO rapid 2021 (3.14)}) 12... Nxe4 13. Nxe4 Be7 14. Qh5 Be6 15. O-O f5 16. Ng5 Bxg5 $1 17. Bxg5 Rae8 18. Rfe1 Qd7 19. a4 a5 20. Rad1 Bf7 21. Qh4 Re6 22. Bc1 Rfe8 23. Re2 h6 24. f3 Qd6 25. Rde1 Ne7 26. f4 (26. d4 $11) 26... Ng6 $15 27. fxe5 $1 Rxe5 (27... Nxh4 28. exd6 Rxe2 29. Rxe2 Rxe2 30. d7 $16) (27... Nxe5 $15 28. Qf2 Nxd3 29. Rxe6 Rxe6 30. Rxe6 Bxe6 31. Bxd3 Qxd3) 28. Qf2 $14 Rxe2 29. Rxe2 Rxe2 30. Qxe2 c5 31. Qf2 Be6 (31... Qe6 $11 {keeps the balance.}) 32. Be3 $1 $16 b6 33. d4 cxd4 34. Bxd4 Nf4 35. Bxb6 Bd5 36. Bc5 ({Of course not} 36. Bxa5 Bxg2 37. Qe3 (37. Bxf5 $2 {perishes.} Qe5 $19) 37... Bxh3 $11) 36... Qb8 37. Bxf5 {[%emt 0:00:10] Strongly threatening Bd4.} (37. Qd2 {is more complex.} Nxh3+ 38. Kh1 Bc6 39. Qd6) 37... Bxg2 ({Better is} 37... Qe5) 38. Qe3 Bc6 {[%emt 0:00:01][%cal Ob8b2] [#] Threatens to win with ...Qxb2!} 39. b4 ({White should try} 39. b3 $1) 39... axb4 40. cxb4 {[%emt 0:00:01] aiming for b5.} Bxa4 {[%emt 0:00:04] [#]} 41. Bd4 $1 $36 {[%emt 0:00:08][%mdl 2048] Hoping for Qe7. White is on the roll.} Qd6 {[%emt 0:00:05][%cal Od6d4] Prevents Qe7. And now ...Qxd4! would win.} 42. Be5 Qd1+ 43. Kh2 (43. Kf2 {keeps more tension.} g6 44. Bxf4 gxf5 45. Qe6+) 43... Bc6 $2 {[%emt 0:00:09][%mdl 8192] This move loses the game for Black.} 44. Bxf4 $18 {[%emt 0:00:08] Qe6+ would kill now. A strong pair of Bishops.} Qh1+ 45. Kg3 {[%emt 0:00:00] White mates.} Qg2+ 46. Kh4 g5+ {[%emt 0:00:00] [#]} 47. Bxg5 $1 hxg5+ (47... Qxg5+ 48. Qxg5+) 48. Qxg5+ Kf7 49. Qxg2 Bxg2 {[%emt 0:00:00] KB-KB} 50. Kg5 Bf1 51. h4 Be2 52. h5 Bf1 53. h6 Bb5 54. Kf4 Kf6 55. h7 Kg7 56. Ke5 Bf1 57. Kd4 Bb5 58. Kc5 Bd7 59. Bxd7 {[%emt 0:00:03] Weighted Error Value: White=0.11 (very precise) /Black=0.24 (precise)} 1-0

[Event "ChessKid Cup Div-I 2023"]
[Site "Online"]
[Date "2023.05.23"]
[Round "51.2"]
[White "Shimanov, Aleksandr"]
[Black "Moussard, Jules"]
[Result "0-1"]
[ECO "B23"]
[WhiteElo "2581"]
[BlackElo "2644"]
[Annotator "TA"]
[PlyCount "120"]
[EventDate "2023.05.21"]
[EventType "k.o."]
[EventCountry "NET"]
[SourceTitle "playchess.com"]
[Source "ChessBase"]
[SourceQuality "1"]
[TimeControl "900+3"]

1. e4 c5 2. Nc3 d6 3. Bb5+ Bd7 4. Bxd7+ Qxd7 5. d4 cxd4 6. Qxd4 {[%emt 0:00:00] B23: Closed Sicilian: Lines without g3.} Nc6 7. Qd3 g6 8. Nf3 {[%emt 0:00:01] The position is equal.} Bg7 9. O-O Nf6 10. Nd5 O-O 11. Bg5 Ne8 12. Rad1 h6 {[%emt 0:00:23] [#]} 13. Bf4 $146 (13. Bh4 {seems wilder.} Bxb2 14. e5 Nc7 15. Nxe7+ Nxe7 16. Qb3) ({Predecessor:} 13. Bh4 e6 14. Nc3 Rc8 15. Bg3 Na5 16. Nd2 Qc6 17. Qe3 b6 18. e5 dxe5 19. Bxe5 {½-½ Guseinov,G (2661)-Svidler,P (2683) Chess.com Rapid Wk2 Swiss 2022 (6)}) 13... Rd8 14. c4 e6 15. Nc3 Qe7 16. h3 a6 17. Rfe1 Rc8 18. a3 ({Much worse is} 18. Bxd6 Nxd6 19. Qxd6 Qxd6 20. Rxd6 Na5 $15) (18. Na4 $14) 18... Na5 19. c5 ({Weaker is} 19. Bxd6 Qxd6 20. Qxd6 Nxd6 21. Rxd6 Nxc4 $19) (19. Nd2 {feels stronger.}) 19... Rxc5 $11 20. e5 dxe5 21. Bxe5 Nc6 22. Bxg7 Nxg7 23. b4 Rd8 24. Qxd8+ Nxd8 25. bxc5 Nc6 26. Ne4 Ne8 27. Nd6 Nf6 28. Nd4 Nxd4 29. Rxd4 Qc7 30. Rc1 Nd5 {[%emt 0:00:07] Repels Rf4} 31. g3 (31. Rdc4 $5 ) 31... Qc6 32. Ne4 (32. Rdc4 $1 $11 {was the only way to keep the balance.}) 32... b6 $17 33. Rdc4 Kg7 34. h4 (34. cxb6 $142 Qxb6 35. a4) 34... bxc5 35. Nxc5 Qb5 36. a4 Qb6 37. Nd3 Qb3 (37... Qd6 $17 38. Rd4 Qa3) 38. Ne5 (38. Nc5 $15 Qb6 39. Ne4) 38... Qb2 39. Nf3 (39. Re1 $142) 39... Qe2 {[%emt 0:00:03] Black is more active.} 40. Nd4 Qa2 41. Nc6 {[%emt 0:00:02] [#]} (41. Nf3 $142) 41... Nb6 $1 42. Rf4 {[%emt 0:00:03] [#]} (42. Rd4 $17 {was worth a try.}) 42... Nd5 $2 ({Less strong is} 42... Nxa4 43. Ne5 $16) (42... Qb2 $1 $19 {[%cal Rb2c1] and Black stays clearly on top.} 43. Rf1 Nd5) 43. Rfc4 Nb6 (43... Nf6 $17) 44. Rd4 $2 {[%emt 0:00:02] Prevents Qd2.} (44. Rf4 $1 $11 {and White stays safe.}) 44... Qb2 $19 45. Rcd1 (45. Rdd1 $17) 45... Nd5 {[%emt 0:00:01] Strongly threatening ...Nc3.} 46. R4d2 Qc3 47. Nd4 Qb4 48. Rc2 (48. Nc2 {keeps fighting.} Qxa4 49. Ra1) 48... Qxa4 {[%emt 0:00:03] Threatens to win with ...e5.} 49. Rdd2 Qa5 50. Ra2 Qc5 51. Rac2 Qa5 (51... Qa3 $19 {Hoping for ...a5.} 52. Kg2 a5) 52. Nf3 $2 (52. Ra2 $1 $11 Qc7 53. Rac2) 52... Qa3 53. Kg2 a5 54. Ra2 Qc3 55. Rac2 Qa3 ({Better is} 55... Qb3 $19 {aiming for ...a4.} 56. Rb2 Qc4) 56. Ne5 $2 (56. Ra2 $11 {and White has nothing to worry.} Qc5 57. Ra1) 56... Qb4 57. Re2 (57. Rb2 {might work better.} Qc3 58. Re2) 57... a4 58. Rc4 {[%emt 0:00:10] Black is clearly winning.} Qb7 {[%emt 0:00:04] ( -> ...Ne3+)} 59. Nf3 a3 {[%emt 0:00:03] And now ...Qa6 would win.} 60. Ra4 Nc3 {[%emt 0:00:02][%csl LRa4,LRe2] Weighted Error Value: White=0.55/Black=0.29 (precise)} 0-1

[Event "ChessKid Cup Div-I 2023"]
[Site "Online"]
[Date "2023.05.24"]
[Round "52.1"]
[White "Caruana, Fabiano"]
[Black "Firouzja, Alireza"]
[Result "1-0"]
[ECO "D87"]
[WhiteElo "2764"]
[BlackElo "2785"]
[Annotator "TA"]
[PlyCount "117"]
[EventDate "2023.05.21"]
[EventType "k.o."]
[EventCountry "NET"]
[SourceTitle "playchess.com"]
[Source "ChessBase"]
[SourceQuality "1"]
[TimeControl "900+3"]

1. d4 Nf6 2. c4 g6 3. Nc3 d5 4. cxd5 Nxd5 5. e4 Nxc3 6. bxc3 Bg7 7. Bc4 c5 8. Ne2 O-O 9. O-O Nc6 10. Be3 b6 {[%emt 0:00:07] 10...Bg4 is setting a new trend.} 11. Qd2 {[%emt 0:00:40] D87: Exchange Grünfeld: Classical Line: Variations without ...cxd4.} Bb7 12. h4 $5 {[%emt 0:00:03][%mdl 4] Leaves trodden paths.} Rc8 13. Rac1 {[%emt 0:01:38] The position is equal.} Na5 14. Bd3 e5 15. Bg5 {[%emt 0:03:22] [#]} f6 $146 ({Predecessor:} 15... Qd7 16. d5 c4 17. Bc2 f6 18. Be3 Ba6 19. h5 Rf7 20. hxg6 hxg6 21. f4 Nb7 {1-0 Sultan,I (2090)-Fong,Y (2125) Asian Cities-chT 2019 (2.4)}) 16. Bh6 cxd4 17. cxd4 exd4 18. Bxg7 Kxg7 19. h5 Qd6 20. Nf4 {[%emt 0:00:48] Strongly threatening hxg6.} Qe5 21. Rfe1 (21. hxg6 {simplifies} hxg6 22. f3 Rxc1 23. Rxc1 Rc8 24. Rd1) 21... Rxc1 22. Rxc1 Rc8 (22... Bxe4 $2 23. Bxe4 Qxe4 24. Re1 $18) 23. Nd5 Rxc1+ $17 (23... Qxh5 $6 24. Rxc8 Bxc8 25. Qc1 $11) 24. Qxc1 gxh5 (24... Qxh5 25. Qc7+ Kh6 26. Nxf6 Qd1+ 27. Kh2) 25. Nf4 Bc6 (25... Bxe4 $6 26. Bxe4 Qxe4 27. Qc7+ Kh6 28. Qd6 Qe1+ 29. Kh2 $11) 26. Be2 Be8 (26... Qxe4 27. Nxh5+ Kf7 28. Bf1 $15) (26... h4 $17 27. Nh5+ Kg6) 27. g3 (27. Qc8 $1 $15) 27... Nb7 {[%emt 0:01:49] ...h4 would be deadly.} (27... Qxe4 28. Qc7+ Bf7 29. Bxh5 Qe1+ 30. Kg2 $11) 28. Qa3 (28. Qc8 $142 Nc5 29. Qa8) 28... Na5 (28... Qxe4 $6 29. Bf3 Qe1+ 30. Kg2 $11) 29. Qc1 $1 Nb7 (29... Qxe4 30. Qc7+ Bf7 31. Bxh5 Qe1+ 32. Kg2 $11) (29... Nc6 $142 $1 30. Bxh5 Qxe4 31. Bxe8 Qxe8) 30. Qa3 $1 a5 $1 (30... Qxe4 31. Bf3 Qe1+ 32. Kg2 $11) 31. Qb3 b5 {[%emt 0:00:08] aiming for ...Nd6.} (31... Qxe4 $6 32. Qxb6 Bc6 33. f3 $11) 32. Qc2 $2 (32. Ne6+ $17 Kh6 33. Nf4) 32... Bf7 $1 $19 33. Qc6 Nc5 34. Qxb5 h4 $1 (34... Nxe4 35. Qd7 $17) 35. Bc4 $2 (35. a3) 35... hxg3 (35... Nxe4 36. Qd7 Nd6 37. Bxf7 Nxf7 38. Ne6+ Kg6 39. Nf4+ Kg7 40. Ne6+ Kg6 41. Nf4+ Kg7 $11) 36. fxg3 Bxc4 ({Inferior is} 36... Qg5 37. Bxf7 Kxf7 38. Kh2 $17) 37. Qxc4 Nxe4 $2 {[%emt 0:00:02][%mdl 4096] Endgame KQN-KQN} (37... d3 {...d2 is the strong threat.} 38. Kf1 d2) 38. Kg2 (38. Qc8 {was worth a try.} Ng5 39. Qb7+ Kf8 40. a3) 38... Ng5 39. Qc6 Kh6 40. Qc8 Qe4+ 41. Kh2 Nf3+ 42. Kh3 {[%emt 0:00:04] Black must now prevent Qf8+.} Ng5+ 43. Kh2 {[%emt 0:00:00][%cal Rc8f8] [#]} Qe7 {[%emt 0:00:03][%cal Od4d3] Prevents Qf8+.} ({Don't blunder} 43... Nf3+ $2 44. Kh3 Qe7 45. Qf5 $19 (45. Qg4 $2 Ng5+ 46. Kh4 Qe8 $19)) 44. Qg4 {[%emt 0:00:16] Prevents d3} (44. Qf5 {was necessary.}) 44... Qf7 45. Qe2 Kg7 46. a4 Qd7 47. Nh5+ Kg6 48. Nf4+ Kh6 ({Not} 48... Kg7 $2 49. Qb5 Qc8 50. Qe2 $19) 49. Qb5 Qc7 50. Qf5 {[%emt 0:00:05][%cal Rf5f6] Inhibits Qc2+.} Qe7 51. Qxa5 $2 {[%emt 0:00:02] [#]} (51. Qd5) 51... Nf3+ $2 (51... d3 $1 $19 {[%cal Rd3d2] Threatens to win with ...d2!} 52. Kh1 Qe4+ 53. Kh2 Qe3) 52. Kg2 $11 Ne5 53. Qd5 Qb4 54. Qd8 Qb7+ (54... Qxa4 $2 55. Qxf6+ Ng6 56. Ne6 Qa8+ 57. Kh2 Qa2+ 58. Kh3 $18) 55. Kh2 $2 (55. Kg1 $11 Qb1+ 56. Kh2 Qc2+ 57. Kg1) 55... Ng4+ $19 56. Kg1 {[%emt 0:00:00] And now Qf8+ would win.} Qb1+ 57. Kg2 Qc2+ $4 (57... Qe4+ $19 58. Kg1 Qe1+ 59. Kg2 Ne3+ 60. Kh2 Qf2+ 61. Kh3 Qf1+ 62. Kh4 Qh1+ 63. Nh3 Ng2+ 64. Kg4 Ne3+ 65. Kh4 Ng2+ 66. Kg4 Ne3+ 67. Kh4) 58. Kh3 f5 59. Qf8+ {[%emt 0:00:02] Weighted Error Value: White=0.60/Black=0.49} 1-0

[Event "ChessKid Cup Div-I 2023"]
[Site "Online"]
[Date "2023.05.24"]
[Round "52.1"]
[White "Kollars, Dmitrij"]
[Black "Moussard, Jules"]
[Result "1-0"]
[ECO "C42"]
[WhiteElo "2607"]
[BlackElo "2644"]
[Annotator "TA"]
[PlyCount "85"]
[EventDate "2023.05.21"]
[EventType "k.o."]
[EventCountry "NET"]
[SourceTitle "playchess.com"]
[Source "ChessBase"]
[SourceQuality "1"]
[TimeControl "900+3"]

1. e4 e5 2. Nf3 Nf6 3. Nxe5 d6 4. Nf3 Nxe4 5. d4 d5 6. Bd3 Bd6 7. O-O O-O 8. c4 c6 9. Nc3 Nxc3 10. bxc3 dxc4 11. Bxc4 Bf5 12. Bg5 $1 {[%emt 0:00:16] 12.Bg5 scores better than 12.Re1. C42: Petroff Defence: 3 Nxe5 and unusual White 3rd moves.} Qa5 13. d5 {[%emt 0:00:04] Strongly threatening dxc6.} Qc5 ({Resist} 13... Qxc3 14. Rc1 Qb4 15. Re1 $14) 14. Bb3 {[%emt 0:00:40] [#] The position is equal.} Be4 $146 ({Predecessor:} 14... cxd5 15. Be3 Qc7 16. Qxd5 Be6 17. Qh5 Bxb3 18. axb3 Qxc3 19. Bd4 Qc2 20. Rfc1 Qg6 21. Qxg6 hxg6 22. Bxa7 {½-½ Karjakin,S (2752)-Esipenko,A (2686) RUS-ch 73rd Moscow 2020 (2)}) 15. Be3 Bxf3 16. Qxf3 Qxc3 17. Rac1 $1 Qe5 18. g3 cxd5 (18... Qe7 $1 $14) 19. Rfd1 $16 ({Much less strong is} 19. Bxd5 Nc6 $14) 19... Nc6 20. Bxd5 {[%emt 0:00:20] A strong pair of Bishops.} (20. Rxd5 $16 Qe7 21. Rcd1) 20... Qe7 21. Bxc6 bxc6 22. Rxc6 Bb4 23. h4 {[%emt 0:00:51][%cal Bh2h4,Bh4h5][%mdl 32] White is much more active. The black rooks are badly placed.} a5 {[%emt 0:02:07] [#]} 24. h5 $1 $36 {[%emt 0:00:04][%mdl 2048] White has strong initiative.} Rac8 25. h6 {[%emt 0:01:05][%cal Of3g4] Black must now prevent Qg4!} Rxc6 26. Qxc6 Qe6 27. Qa4 gxh6 28. a3 Bc3 (28... Bd6 $142) 29. Rc1 {[%emt 0:00:24][%mdl 1024] White has strong compensation.} Rc8 {[%emt 0:00:23] [#]} (29... Qf6 $16) 30. Qc2 $1 $18 {[%emt 0:00:01] Bd2 would be deadly.} Rc4 $2 (30... Kg7 {is more resistant.} 31. Bd4+ Bxd4 32. Qxc8 Qe4) 31. Qd3 Qc6 32. Bd2 {[%emt 0:00:18] Qd8+ is the strong threat.} Bxd2 33. Rxc4 {[%emt 0:00:04][%mdl 4096] Endgame KQR-KQB} Qe6 34. Re4 Qa2 35. Re8+ {[%emt 0:00:20] White mates.} Kg7 36. Qd4+ f6 37. Qd7+ Kg6 38. Qd3+ Kf7 39. Re2 (39. Qxh7+ $2 {is the wrong capture.} Kxe8 40. Qe4+ Kf7 $19) 39... Qa1+ 40. Kg2 Bg5 41. Qxh7+ Kf8 42. Qh8+ Kf7 43. Qe8+ {[%emt 0:00:00] Artfully played by Kollars.   Weighted Error Value: White=0.06 (flawless) /Black=0.53} 1-0

[Event "ChessKid Cup Div-I 2023"]
[Site "Online"]
[Date "2023.05.24"]
[Round "52.2"]
[White "Firouzja, Alireza"]
[Black "Caruana, Fabiano"]
[Result "0-1"]
[ECO "D05"]
[WhiteElo "2785"]
[BlackElo "2764"]
[Annotator "TA"]
[PlyCount "72"]
[EventDate "2023.05.21"]
[EventType "k.o."]
[EventCountry "NET"]
[SourceTitle "playchess.com"]
[Source "ChessBase"]
[SourceQuality "1"]
[TimeControl "900+3"]

1. d4 Nf6 2. Nf3 d5 3. e3 e6 4. Bd3 b6 5. b3 Bb7 6. Bb2 {[%emt 0:00:02] D05: Colle System with ...e6.} Bd6 7. c4 dxc4 $5 {[%emt 0:00:21][%mdl 4] Exploring less charted territory.} 8. bxc4 {[%emt 0:00:03] The position is equal.} c5 9. O-O {[%emt 0:00:16][%cal Od4d5] [#]} cxd4 $146 ({Predecessor:} 9... O-O 10. Qe2 Re8 11. Nbd2 cxd4 12. exd4 Bf4 13. Rfe1 Nbd7 14. a4 Qc7 15. h3 a5 {½-½ Kovalsky,S (2183)-Lukyanenko,V (2272) UKR-chT20 email 2018 [3]}) 10. exd4 O-O 11. Re1 Nbd7 12. Nbd2 Rc8 13. Rc1 Re8 14. Bb1 Nf8 15. Ne5 Ng6 16. Ndf3 Nd7 17. Nxg6 hxg6 18. h4 Bxf3 19. Qxf3 Qxh4 20. g3 Qh5 21. Qd3 e5 {[%emt 0:01:32] Black is more active.} 22. c5 bxc5 (22... e4 {with more complications.} 23. Qd1 bxc5 24. Qxh5 gxh5 25. Rxe4 Red8) 23. dxc5 Bxc5 {[%emt 0:00:01] [#] And now ...Nf6 would win.} 24. Qxd7 Bxf2+ 25. Kxf2 Rcd8 26. Qxe8+ Rxe8 27. Be4 $1 Rd8 $36 {[%emt 0:00:40][%mdl 2048] Black has good play.} 28. Rc2 (28. Re2 $11 {is superior.}) 28... Qg5 (28... f5 $1 $15 29. Bg2 f4 30. Rxe5 (30. Bxe5 $2 {is the wrong capture.} fxg3+ 31. Bxg3 Qf5+ 32. Bf3 Qxc2+ $19) 30... Qh2 31. gxf4 Qxf4+ 32. Ke1 Qh4+ 33. Ke2 Qg3) 29. Bc1 $11 {[%emt 0:00:51] A strong pair of Bishops.} Qg4 30. Bf3 Qe6 31. Rce2 f6 32. Be3 g5 33. Bxa7 (33. Be4 $1 $11) 33... Rd3 (33... f5 $1 $15) 34. Be4 Ra3 35. Rd1 Qg4 {[%emt 0:00:14] Chess con chili.} (35... Rxa7 $2 36. Bd5 $18) 36. Be3 $2 {[%emt 0:00:11][%mdl 8192] [#]} (36. Bg6 $15 Qxg3+ 37. Kf1 Qh3+ 38. Rg2 Qh1+ 39. Bg1 Rf3+ 40. Ke1 Re3+ 41. Kf1) 36... Qxe4 {[%emt 0:00:04] Weighted Error Value: White=0.24 (precise) /Black=0.09 (flawless)} 0-1

[Event "ChessKid Cup Div-I 2023"]
[Site "Online"]
[Date "2023.05.24"]
[Round "52.2"]
[White "Moussard, Jules"]
[Black "Kollars, Dmitrij"]
[Result "1-0"]
[ECO "C83"]
[WhiteElo "2644"]
[BlackElo "2607"]
[Annotator "TA"]
[PlyCount "83"]
[EventDate "2023.05.21"]
[EventType "k.o."]
[EventCountry "NET"]
[SourceTitle "playchess.com"]
[Source "ChessBase"]
[SourceQuality "1"]
[TimeControl "900+3"]

1. e4 e5 2. Nf3 Nc6 3. Bb5 a6 4. Ba4 Nf6 5. O-O Nxe4 6. d4 b5 7. Bb3 d5 8. dxe5 Be6 9. c3 Be7 {[%emt 0:00:06] Nowadays more popular than 9...Bc5.} 10. Bc2 Bg4 {[%emt 0:00:32] C83: Open Ruy Lopez: 9 c3 Be7.} 11. h3 {[%emt 0:02:04] was the old line (11.Qe1).} Bxf3 12. gxf3 Nc5 {[%emt 0:00:41] [#] White is slightly better.} (12... Ng5 13. f4 Ne6 14. Bb3 $16) 13. b4 $146 ({Predecessor:} 13. f4 Qd7 14. Qf3 f5 15. Be3 O-O 16. Rd1 Rad8 17. b4 Ne4 18. Rxd5 Qe6 19. Rxd8 {1-0 Givon,A (2447)-Veinberg,N (2353) Jeruchess Winter GM 2015 (5)}) 13... Na4 14. f4 ({But not} 14. Bxa4 bxa4 15. f4 (15. Qxa4 Qd7 $15) 15... O-O $11) 14... Qd7 15. Qf3 O-O 16. Rd1 Rad8 17. Nd2 (17. Bb3 $1 $14 {feels stronger.}) 17... f6 18. Qh5 f5 19. Qf3 (19. Bxa4 $14 bxa4 20. Qe2) 19... Kh8 (19... d4 $1 $11 20. Bb3+ Kh8) 20. Nf1 (20. Qd3 $14) 20... d4 21. Bxa4 bxa4 22. Be3 (22. a3 $14) 22... Qe6 23. Bxd4 Bxb4 $1 24. Ne3 Be7 25. Qe2 Na5 {[%emt 0:02:17] Prevents Qc4} (25... g5 $15) 26. c4 $11 Nc6 $1 27. Bc3 Bc5 28. Nd5 Ne7 (28... Rd7 $11 {remains equal.}) 29. Nxc7 $16 Qc6 30. Ba5 Rxd1+ (30... a3 $16) 31. Rxd1 $18 Qh6 32. Qf3 Nc6 $2 {[%emt 0:00:01] [#]} (32... Rc8 33. Rd7 Nc6) 33. Bc3 (33. Nxa6 Nxe5 34. fxe5 Qg6+ 35. Kh2 Qxa6 $16) 33... Ne7 34. Rd7 Rb8 (34... Qb6 $142 35. e6 Rg8) 35. Kh2 {[%emt 0:00:11] Active counter play!} Ng6 (35... Qb6 $142 36. e6 Rg8) 36. e6 (36. Nxa6 $142 Qxf4+ 37. Qxf4 Nxf4 38. Nxc5) 36... Bf8 37. Nd5 Nh4 38. Qg3 {[%emt 0:00:02] [#] White threatens e7 and mate.} Re8 {[%emt 0:00:02] Black is weak on the dark squares} 39. e7 {[%emt 0:00:04] White mates.} Bxe7 40. Rxe7 Rxe7 41. Nxe7 a3 42. c5 {[%emt 0:00:01] Weighted Error Value: White=0.36/Black=0.51} 1-0